 Dungeon Crawl Stone Soup version 0.17.1-3-g152610e (webtiles) character file.

324 ckam the Skirmisher (level 6, -1/45 HPs)
             Began as an Octopode Fighter on Feb 19, 2016.
             Slain by an ogre
             ... wielding a +0 giant spiked club
              (24 damage)
             ... on level 4 of the Dungeon.
             The game lasted 00:07:16 (3836 turns).

ckam the Skirmisher (Octopode Fighter)              Turns: 3836, Time: 00:07:16

Health: -1/45      AC:  5    Str: 15    XL:     6   Next: 48%
Magic:  6/6        EV: 10    Int: 11    God:
Gold:   175        SH:  8    Dex: 13    Spells: 0 memorised, 5 levels left

rFire  . . .     SeeInvis .     a - +0 long sword
rCold  . . .     Clarity  .     b - +0 shield
rNeg   . . .     SustAt   .     (helmet restricted)
rPois  .         Gourm    +     t - amulet of the gourmand
rElec  .         Spirit   .     h - +4 ring of protection
rCorr  .         Warding  .     (no ring)
rMut   .         Stasis   .     (no ring)
MR     .....                    (no ring)
Stlth  ++........               (no ring)
                                (no ring)
                                (no ring)
                                (no ring)

@: lethally poisoned (-1 -> -8), not resistant to hostile enchantments,
unstealthy
A: almost no armour, amphibious, 8 rings, constrict 8, camouflage 1, gelatinous
body 1
a: no special abilities


You were on level 4 of the Dungeon.
You were full.

You visited 1 branch of the dungeon, and saw 4 of its levels.

You collected 175 gold pieces.

Inventory:

Hand Weapons
 a - a +0 long sword (weapon)
Armour
 b - a +0 shield (worn)
Jewellery
 h - a +4 ring of protection (left tentacle)
 t - an amulet of the gourmand (around mantle)
 u - an uncursed amulet of resist corrosion {unknown}
Scrolls
 e - 4 scrolls of identify {unknown}
 g - 5 scrolls of remove curse {unknown}
 j - 3 scrolls of recharging {unknown}
 l - 2 scrolls of amnesia {unknown}
 n - a scroll of fear {unknown}
 p - 3 scrolls of enchant armour {unknown}
 q - a scroll of enchant weapon {unknown}
 s - a scroll of magic mapping {unknown}
 x - a scroll of immolation {unknown}
Potions
 c - a potion of might
 d - a potion of agility {unknown}
 f - a potion of flight
 i - a potion of lignification {unknown}
 k - a potion of brilliance {unknown}
 r - a potion of magic {unknown}
 v - a potion of heal wounds {unknown}
Comestibles
 m - 4 meat rations
 o - a beef jerky
 w - 2 bread rations


   Skills:
 + Level 5.4 Fighting
 + Level 4.8 Long Blades
 - Level 3.0 Dodging
 - Level 3.0 Shields


You had 5 spell levels left.
You didn't know any spells.

Dungeon Overview and Level Annotations

Branches:
Dungeon (4/15)
 Temple: D:4-7

Altars:
Xom

Annotations:
D:3 Asagix's ghost, amateur TrMo


Innate Abilities, Weirdness & Mutations

You cannot wear most types of armour.
You are amphibious.
You can wear up to eight rings at the same time.
You can use your tentacles to constrict eight enemies at once.
Your skin changes colour to match your surroundings (Stealth).
Your rubbery body absorbs attacks (AC +1).


Message History

The ogre is heavily wounded.
You feel sick. You block the ogre's attack.
The worker ant bites you but does no damage.
You hit the ogre. You squeeze the ogre.
The ogre is severely wounded.
You feel sick. The worker ant bites you. The ogre closely misses you.
The worker ant bites you.
You barely miss the ogre.
The ogre is severely wounded.
You feel sick. The worker ant closely misses you. You block the ogre's attack.
You hit the ogre.
The ogre is almost dead.
You feel sick. You block the worker ant's attack.
The ogre hits you with a giant spiked club.
You barely miss the ogre.
The ogre is almost dead.
You feel sick. The worker ant misses you. You block the worker ant's attack.
The ogre hits you with a giant spiked club!!
Ouch! That really hurt!
You die...

#....(g.................
#.##g##.##..##.....##.#.
#)##................
gOg#.##.............
#%..#.....###..#.##.
#%..#g##.......#.#
..#####.....###..#.#
#......aO........#.# .#
#.# #@...#..#..#.# .# #.#
#..........#.##.#. #.#
#..#.........##.#.
##.#####..##).#..........
#.............##..#......
#.<(.##...........##..#..
#....##.....#...#.....##.
#....##....(##..#........
#######...#.....###.#...#


You could see an ogre, a worker ant and a goblin.

Vanquished Creatures
  An orc wizard (D:4)
  A centaur skeleton (D:4)
  2 worker ants (D:4)
  Robin (D:3)
  7 adders
  4 gnolls (D:3)
  2 worms (D:3)
  4 giant geckos
  4 orcs (D:4)
  A ball python (D:1)
  3 giant cockroaches
  12 hobgoblins
  2 jackals (D:1)
  8 kobolds
  A quokka (D:2)
  6 bats
  3 giant newts
  25 goblins
  A jackal skeleton (D:4)
  4 rats
92 creatures vanquished.

Notes
Turn   | Place    | Note
--------------------------------------------------------------
     0 | D:1      | ckam the Octopode Fighter began the quest for the Orb.
     0 | D:1      | Reached XP level 1. HP: 16/16 MP: 1/1
   177 | D:1      | Reached XP level 2. HP: 9/21 MP: 2/2
   827 | D:1      | Reached XP level 3. HP: 27/27 MP: 3/3
   854 | D:2      | Reached skill level 4 in Fighting
  1182 | D:2      | Reached XP level 4. HP: 26/33 MP: 4/4
  1843 | D:3      | Noticed Asagix's ghost (amateur TrMo)
  1992 | D:3      | Noticed Robin
  2494 | D:3      | Killed Robin
  2575 | D:3      | Found a shimmering altar of Xom.
  2582 | D:3      | Found a shimmering altar of Xom.
  2676 | D:3      | Reached XP level 5. HP: 38/38 MP: 5/5
  3185 | D:3      | Reached skill level 5 in Fighting
  3291 | D:4      | Reached XP level 6. HP: 39/45 MP: 6/6
  3674 | D:4      | Noticed an ogre
  3836 | D:4      | Slain by an ogre

Action                   |  1- 3 |  4- 6 || total
-------------------------+-------+-------++-------
Melee: Long sword        |    62 |   135 ||   197
  Use: Potion            |     1 |       ||     1
 Stab: Sleeping          |     3 |     7 ||    10
  Eat: Chunk             |     1 |    13 ||    14
       Bread ration      |       |     1 ||     1
